 Dungeon Crawl Stone Soup version 0.27-a0-1319-geec4fb4e21 (webtiles) character file.

Game seed: 16167515141043370131

484 dickylongcocking the Skirmisher (level 7, -2/47 HPs)
             Began as a Djinni Hedge Wizard on June 21, 2021.
             Was a Follower of Hepliaklqana.
             Slain by Edmund (3 damage)
             ... on level 4 of the Dungeon.
             The game lasted 00:04:28 (4892 turns).

dickylongcocking the Skirmisher (DjWz)              Turns: 4892, Time: 00:04:28

Health: -2/47      AC:  5    Str:  7 (9)  XL:     7   Next: 35%
Gold:   180        EV: 11    Int: 15 (18) God:    Hepliaklqana [*.....] SH:  0 Dex: 10 (12)

rFire    + + .     SeeInvis .   i - +3 short sword (flame)
rCold    x . .     Faith    .   (no shield)
rNeg     . . .     Spirit   +   f - +0 leather armour
rPois    ∞         Reflect  .   h - +0 helmet
rElec    .         Harm     .   p - +0 cloak
rCorr    .         Rampage  .   (no gloves)
Will     .....                  (boots unavailable)
Stlth    +.........             t - amulet of guardian spirit
HPRegen  0.15/turn              (no ring)
MPRegen  0.00/turn              (no ring)

@: flying
A: reduced essence, sickness immunity, fire resistance 2, cold vulnerability 1,
float, innate caster, hp casting, extra vitality 1
a: Renounce Religion, Recall Ancestor, Ancestor Identity


You were on level 4 of the Dungeon.
You worshipped Hepliaklqana.
Hepliaklqana was aware of your devotion.
You visited 1 branch of the dungeon, and saw 4 of its levels.

You collected 180 gold pieces.

Inventory:

Hand Weapons
 a - a +0 dagger
 e - a +0 spear
 i - a +3 short sword of flaming (weapon)
Armour
 b - a +0 robe
 c - a +0 hat
 f - a +0 leather armour (worn)
 h - a +0 helmet (worn)
 p - a +0 cloak (worn)
Jewellery
 t - an amulet of guardian spirit (around neck)
Scrolls
 d - a scroll of identify {unknown}
 g - a scroll of acquirement {unknown}
 j - 2 scrolls of blinking {unknown}
 m - a scroll of teleportation {unknown}
 n - 2 scrolls of fear {unknown}
 o - a scroll of magic mapping {unknown}
 s - a scroll of fog {unknown}
 u - 2 scrolls of immolation {unknown}
 w - a scroll of amnesia {unknown}
Potions
 k - a potion of magic {unknown}
 r - a potion of flight


   Skills:
 * Level 4.9 Fighting
 - Level 2.1 Dodging
 - Level 1.5 Stealth
 * Level 4.6 Spellcasting


You couldn't memorise any spells.
You knew the following spells:

 Your Spells              Type           Power      Damage    Failure   Level
a - Magic Dart            Conj           68%        1d6       3%          1
b - Blink                 Tloc           N/A        N/A       6%          2
c - Call Imp              Summ           17%        N/A       6%          2
d - Slow                  Hex            17%        N/A       6%          2
e - Conjure Flame         Conj/Fire      17%        6-21      12%         3
f - Mephitic Cloud        Conj/Pois/Air  17%        N/A       12%         3
g - Pain                  Necr           68%        1d7       3%          1
h - Searing Ray           Conj           34%        3d4       6%          2
i - Spider Form           Tmut/Pois      8%         N/A       12%         3
Your spell library was empty.

Dungeon Overview and Level Annotations

Branches:
Dungeon (4/15)
 Temple: D:4-7

Altars:
Hepliaklqana
Wu Jian

Annotations:
D:4 Edmund


Innate Abilities, Weirdness & Mutations

Your life essence is reduced to manifest your ancestor. (-10% HP)
You are immune to sickness and miasma.
You are immune to poison.
Your flesh is very heat resistant. (rF++)
You are vulnerable to cold. (rC-)
You float through the air rather than walking.
You learn spells naturally, not from books.
Your magical power is your life essence.
You have superior vitality. (+4 HP)


Message History

Unknown command.
Unknown command.
You hit Edmund but do no damage.
Edmund is moderately wounded.
Edmund is engulfed in noxious fumes.
You barely miss Edmund.
Edmund is heavily wounded.
You hit Edmund. You burn Edmund.
Edmund is heavily wounded.
Edmund hits you with a +1 vorpal flail.
You hit Edmund but do no damage.
Edmund is heavily wounded.
Casting: Mephitic Cloud (dangerous; 12% risk of failure)
Confirm with . or Enter, or press ? or * to list all spells.
Aiming: Magic Dart (safe; 3% risk of failure)
Press: ? - help, Shift-Dir - straight line, f/p - Edmund
Aim: Edmund, wielding a +1 vorpal flail and wearing a +0 ring mail (heavily wounded, confused, 100% to hit)
The magic dart hits Edmund.
Edmund is severely wounded.
Edmund asks, "Where am I?"
Casting: Magic Dart (safe; 3% risk of failure)
Confirm with . or Enter, or press ? or * to list all spells.
Aiming: Magic Dart (safe; 3% risk of failure)
Press: ? - help, Shift-Dir - straight line, f/p - Edmund
Aim: Edmund, wielding a +1 vorpal flail and wearing a +0 ring mail (severely wounded, confused, 100% to hit)
The magic dart hits Edmund.
Edmund is severely wounded.
Unknown command.
You barely miss Edmund.
Edmund is severely wounded.
Edmund hits you with a +1 vorpal flail!
You hit Edmund. You burn Edmund.
Edmund is severely wounded.
You hit Edmund but do no damage.
Edmund is severely wounded.
Edmund seems less confused.
Edmund hits you with a +1 vorpal flail.
* * * LOW HITPOINT WARNING * * *
x2 Edmund hits you with a +1 vorpal flail!
* * * LOW HITPOINT WARNING * * *
You die...

#.#..###...### ###..#
#.#..# #.....# #..# #.#..#
#.#.#.## ##.#
#.#..###.#^...####. ###
#.#..............._
#########.#.####.##..#####.
.......##.#.####.##..#
######...........##..#####
# ####..>....@......$.# #
##........@...#####
########.....######.##
......................
########.....######.###
##......####.#
####........#
############...######
..............##


You could see Edmund.

Vanquished Creatures
  A scorpion (D:3)
  Jessica (D:3)
  2 ancestors (D:4)
  5 adders
  A worm (D:2)
  A dart slug (D:2)
  7 endoplasms
  4 goblins
  6 hobgoblins
  3 jackals
  6 kobolds
  2 quokkas
  9 ball pythons
  5 bats
  7 frilled lizards
  3 rats
63 creatures vanquished.

Vanquished Creatures (collateral kills)
  Grinder (D:3)
  A phantom (D:4)
  A hound (D:4)
  An adder (D:2)
  2 worms (D:4)
  An orc (D:4)
  A kobold (D:4)
8 creatures vanquished.

Vanquished Creatures (others)
  An ancestor (D:4)
  2 plants (D:1)
3 creatures vanquished.

Grand Total: 74 creatures vanquished

Notes
Turn   | Place    | Note
-------+----------+-------------------------------------------
     0 | D:1      | dickylongcocking the Djinni Hedge Wizard began the quest
                  | for the Orb.
     0 | D:1      | Reached XP level 1. HP: 15/15 MP: 0/0
   361 | D:1      | Reached skill level 1 in Fighting
   361 | D:1      | Reached XP level 2. HP: 19/22 MP: 0/0
   614 | D:1      | Found a faded altar of an unknown god.
  1237 | D:2      | Reached XP level 3. HP: 23/27 MP: 0/0
  1237 | D:2      | Learned a level 1 spell: Pain
  1864 | D:2      | Found a hazy altar of Hepliaklqana.
  1886 | D:2      | Reached XP level 4. HP: 23/33 MP: 0/0
  1891 | D:2      | Became a worshipper of Hepliaklqana the Forgotten
  2603 | D:3      | Noticed a scorpion
  2619 | D:3      | Killed a scorpion
  2620 | D:3      | Reached XP level 5. HP: 15/40 MP: 0/0
  2620 | D:3      | Learned a level 2 spell: Searing Ray
  3151 | D:3      | Reached * piety under Hepliaklqana
  3234 | D:3      | Noticed Grinder
  3271 | D:3      | Killed Grinder
  3272 | D:3      | Reached XP level 6. HP: 30/42 MP: 0/0
  3386 | D:3      | Noticed Jessica
  3392 | D:3      | Killed Jessica
  3471 | D:3      | Reached XP level 7. HP: 42/47 MP: 0/0
  3471 | D:3      | Learned a level 3 spell: Spider Form
  4397 | D:4      | Noticed Edmund
  4860 | D:4      | Found an ornate altar of the Wu Jian Council.
  4892 | D:4      | HP: 1/47 [Edmund (8)]
  4892 | D:4      | Slain by Edmund

Illustrated notes

Levels and vault maps discovered:
D:1:      lightli_arrival_windingriver, layout_rooms, serial_forest,
          infiniplex_forest_clump_curved, infiniplex_forest_zigzag_1,
          infiniplex_forest_end_2, infiniplex_forest_end_double,
          infiniplex_forest_clump_tiny, infiniplex_forest_corner_1,
          infiniplex_forest_clump_C, infiniplex_forest_end_3,
          infiniplex_forest_lined_3, hellmonk_ecumenical_altar_crossroads,
          minmay_hexomino_u4
D:2:      layout_rooms, basic_altar, minmay_split_cup_large
D:3:      layout_loops_ring, uniq_jessica, uniq_grinder
D:4:      layout_loops_ring, pdpol_wu_jian_five_deadly_venoms, st_stairs_14,
          uniq_edmund

Skill      XL: |  1  2  3  4  5 |
---------------+----------------+-----
Fighting       | 1 2 3 4 |  4.9
Spellcasting   | 3 4 |  4.6
Dodging        | |  2.1
Stealth        | |  1.5

Action                   |  1- 3 |  4- 6 |  7- 9 || total
-------------------------+-------+-------+-------++-------
Melee: Short sword       |       |     3 |    16 ||    19
 Cast: Magic Dart        |    72 |    76 |    32 ||   180
       Call Imp          |     3 |     1 |     4 ||     8
       Mephitic Cloud    |       |       |     3 ||     3
       Pain              |       |       |     1 ||     1
Invok: Ancestor Identity |       |       |     1 ||     1
  Use: Potion            |       |       |     5 ||     5
Armor: Robe              |     1 |       |       ||     1
       Leather armour    |     3 |     9 |     6 ||    18
Dodge: Dodged            |     5 |    18 |    16 ||    39

Table legend: (Time is in decaauts)
 A = Elapsed time spent in this place.
 B = Non-inter-level travel time spent in this place.
 C = Inter-level travel time spent in this place.
 D = Time resting spent in this place.
 E = Time spent auto-exploring this place.
 F = Levels seen in this place.
 G = Mean time per level.
                   A        B        C        D        E       F      G
               +--------+--------+--------+--------+--------+-----+--------+
         Total |   4894 |   4815 |     79 |    948 |   3314 |   4 | 1223.5 |
       Dungeon |   4894 |   4815 |     79 |    948 |   3314 |   4 | 1223.5 |
               +--------+--------+--------+--------+--------+-----+--------+

Top non-repeatable levels by time:
     D:3: 1618 daAuts
     D:1: 1214 daAuts
     D:2: 1167 daAuts
     D:4: 893 daAuts
